 Dungeon Crawl Stone Soup version 0.28-a0-723-g095bd1b44f (webtiles) character file.

Game seed: 4427947202941314280

397 ytrimaz the Conjurer (level 6, 26/45 HPs)
             Began as a Demigod Conjurer on Oct 25, 2021.
             Quit the game on level 4 of the Dungeon.
             The game lasted 00:05:03 (3985 turns).

ytrimaz the Conjurer (Demigod Conjurer)             Turns: 3985, Time: 00:05:03

Health: 26/45      AC:  5    Str:  8    XL:     6   Next: 27%
Magic:  2/14       EV: 12    Int: 28    God:
Gold:   74         SH:  0    Dex: 12    Spells: 8/12 levels left

rFire   . . .      SeeInvis .   c - +3 dagger (freeze)
rCold   . . .      Faith    .   (no shield)
rNeg    . . .      Spirit   .   a - +0 robe
rPois   .          Reflect  .   (no helmet)
rElec   .          Harm     .   (no cloak)
rCorr   .          Rampage  .   (no gloves)
Will    .....                   d - +2 pair of boots
Stlth   ++........              (no amulet)
HPRegen 0.15/turn               (no ring)
MPRegen 0.14/turn               (no ring)

@: no status effects
A: high mp 1, forlorn
a: no special abilities


You were on level 4 of the Dungeon.
You visited 1 branch of the dungeon, and saw 4 of its levels.
You also visited: Sewer.

You collected 74 gold pieces.

Inventory:

Hand Weapons
 c - a +3 dagger of freezing (weapon)
Armour
 a - a +0 robe (worn)
 d - a +2 pair of boots (worn)
Jewellery
 b - a ring of magical power
Scrolls
 f - a scroll of amnesia
 g - a scroll of torment
 h - a scroll of magic mapping {unknown}
 l - 2 scrolls of fear
Potions
 e - a potion of might {unknown}
 k - a potion of curing


   Skills:
 + Level 1.0 Short Blades
 + Level 2.8 Dodging
 - Level 1.7 Stealth
 + Level 3.6 Spellcasting
 + Level 5.4 Conjurations
 + Level 1.0 Summonings


You had 8 spell levels left.
You knew the following spells:

 Your Spells              Type           Power      Damage    Failure   Level
a - Magic Dart            Conj           100%       1d8       1%          1
b - Call Canine Familiar  Summ           11%        N/A       16%         3

Your spell library contained the following spells:

 Spells                   Type           Power      Damage    Failure   Level
 Searing Ray              Conj           70%        2d7       1%          2
 Summon Small Mammal      Summ           44%        N/A       4%          1
 Dazzling Flash           Conj/Hex       40%        N/A       8%          3
 Summon Guardian Golem    Hex/Summ       8%         N/A       19%         3
 Fulminant Prism          Conj/Hex       10%        3d9       26%         4
 Iskenderun's Mystic Bla  Conj/Tloc      20%        2d6       26%         4


Dungeon Overview and Level Annotations

Branches:
Dungeon (4/15)              Sewer (visited)
 Temple: D:4-7


Innate Abilities, Weirdness & Mutations

Your attributes grow dramatically as you level up.
You have an increased reservoir of magic. (+10% MP)
You shall have no god before yourself.


Message History

Your hound closely misses Edmund.
Edmund completely misses your hound. The endoplasm barely misses your hound.
Your hound bites Edmund but does no damage.
The magic dart hits Edmund.
Edmund is almost dead.
Your hound bites Edmund but does no damage.
The endoplasm hits your hound but does no damage.
Edmund closely misses your hound.
Your hound barely misses Edmund.
The magic dart hits Edmund but does no damage.
Edmund is almost dead.
The endoplasm barely misses your hound.
The magic dart hits Edmund but does no damage.
Edmund is almost dead.
Your hound dies!
Your hound's corpse disappears in a puff of smoke!
You hit Edmund. You freeze Edmund.
You kill Edmund!
Your Short Blades skill increases to level 1!
Your Summonings skill increases to level 1!
Things that are here:
a +2 vorpal flail; a +0 chain mail Unknown command.
You hit the endoplasm. You freeze the endoplasm.
The endoplasm is severely wounded.
The endoplasm hits you but does no damage.
You barely miss the endoplasm.
The endoplasm is severely wounded.
The endoplasm misses you.
You hit the endoplasm. You freeze the endoplasm.
You kill the endoplasm!
Things that are here:
a +2 vorpal flail; a +0 chain mail The kobold closely misses you.
You hit the kobold. You freeze the kobold.
You kill the kobold!
Things that are here:
a +0 dagger; 6 poisoned darts
Things that are here:
a +2 vorpal flail; a +0 chain mail Are you sure you want to abandon this character and quit the game? (Confirm with "yes".)

#. #. #.# .... #.
#.# ..... #. #.#
....# #.##.####
##...#####
#..♣.♣..###.....>...
#........##.##.# #.
#.♣.♣)♣....#..####♣
#.@)......#..##....
#.♣.♣.♣##.......♣.♣
#......####.##.....
######## ......#♣#♣
..##..### # ..#
#.!.# ♣ . ..... .
#..### # ...#


There were no monsters in sight!

Vanquished Creatures
  Edmund (D:4)
  A necrophage (D:4)
  A wight (Sewer)
  An orc wizard (D:3)
  An adder (D:3)
  3 shadow imps (Sewer)
  4 ufetubi (Sewer)
  4 worms
  An orc (D:3)
  6 ball pythons
  11 endoplasms
  4 giant cockroaches
  7 goblins
  3 hobgoblins
  13 jackals
  2 quokkas
  7 bats
  2 frilled lizards
  2 giant cockroach zombies (Sewer)
  12 kobolds
  2 kobold zombies (Sewer)
  A rat (D:2)
89 creatures vanquished.

Vanquished Creatures (collateral kills)
  2 adders (D:3)
  An orc (D:3)
  A goblin (D:3)
  A kobold (Sewer)
5 creatures vanquished.

Vanquished Creatures (others)
  2 plants (D:2)
2 creatures vanquished.

Grand Total: 96 creatures vanquished

Notes
Turn   | Place    | Note
-------+----------+-------------------------------------------
     0 | D:1      | ytrimaz the Demigod Conjurer began the quest for the Orb.
     0 | D:1      | Reached XP level 1. HP: 14/14 MP: 5/5
   216 | D:1      | Reached skill level 4 in Conjurations
   357 | D:1      | Reached XP level 2. HP: 20/20 MP: 5/7
  1088 | D:2      | Reached XP level 3. HP: 26/26 MP: 0/8
  1092 | D:2      | Learned a level 3 spell: Call Canine Familiar
  2348 | D:3      | Reached XP level 4. HP: 33/33 MP: 2/10
  2356 | D:3      | Found a glowing drain.
  2365 | Sewer    | Entered a sewer
  2733 | Sewer    | Reached skill level 5 in Conjurations
  2941 | Sewer    | Reached XP level 5. HP: 18/38 MP: 1/12
  3122 | Sewer    | Noticed Grinder
  3134 | Sewer    | Noticed a nameless horror
  3917 | D:3      | You fall into a shaft and drop 1 floor!
  3917 | D:4      | Noticed Edmund
  3917 | D:4      | Noticed a necrophage
  3925 | D:4      | Killed a necrophage
  3926 | D:4      | Reached XP level 6. HP: 42/45 MP: 6/14
  3973 | D:4      | Killed Edmund
  3974 | D:4      | Reached skill level 1 in Short Blades
  3974 | D:4      | Reached skill level 1 in Summonings
  3985 | D:4      | Quit the game

Illustrated notes

Levels and vault maps discovered:
D:1:      sevenhm_arrival_forest_fort_small_6, layout_rooms
D:2:      layout_loops_cross, shapermc_ecumenical_altar_flowoftime,
          hangedman_decor_diamond_cutter, serial_bayou_pond_d,
          minmay_misc_feat_nine_boxes, minmay_pentomino_s2
D:3:      layout_rooms, portal_sewer_entry_d
D:4:      layout_rooms, serial_forest, infiniplex_forest_lined_3_way,
          infiniplex_forest_straight_4, infiniplex_forest_lined_corner,
          infiniplex_forest_end_2, infiniplex_forest_lined_4_way,
          infiniplex_forest_zigzag_1, hangedman_decor_slide_cut, uniq_edmund

Skill      XL: |  1  2  3  4  5  6 |
---------------+-------------------+-----
Conjurations   | 4 5 |  5.4
Spellcasting   | 2 3 |  3.6
Dodging        | 2 |  2.8
Short Blades   | 1 |  1.0
Summonings     | 1 |  1.0
Stealth        | |  1.7

Action                   |  1- 3 |  4- 6 || total
-------------------------+-------+-------++-------
Melee: Dagger            |    18 |    51 ||    69
 Cast: Magic Dart        |   102 |    77 ||   179
       Call Canine Famil |     1 |     6 ||     7
  Use: Scroll            |     2 |     4 ||     6
       Potion            |       |     3 ||     3
 Stab: Distracted        |       |     1 ||     1
Armor: Robe              |    14 |    31 ||    45
Dodge: Dodged            |    32 |    63 ||    95

Table legend: (Time is in decaauts)
 A = Elapsed time spent in this place.
 B = Non-inter-level travel time spent in this place.
 C = Inter-level travel time spent in this place.
 D = Time resting spent in this place.
 E = Time spent auto-exploring this place.
 F = Levels seen in this place.
 G = Mean time per level.
                   A        B        C        D        E       F      G
               +--------+--------+--------+--------+--------+-----+--------+
         Total |   3997 |   3894 |    103 |    638 |   2614 |   5 |  799.4 |
       Dungeon |   3199 |   3096 |    103 |    319 |   2267 |   4 |  799.8 |
         Sewer |    798 |    798 |      0 |    319 |    347 |   1 |  798.0 |
               +--------+--------+--------+--------+--------+-----+--------+

Top non-repeatable levels by time:
     D:2: 1764 daAuts
     D:1: 798 daAuts
   Sewer: 798 daAuts
     D:3: 568 daAuts
     D:4: 67 daAuts
